 Dungeon Crawl Stone Soup version 0.22-a0-410-g97be04f (webtiles) character file.

37 Mgcat the Chopper (level 3, -2/26 HPs)
             Began as a Halfling Chaos Knight on May 11, 2018.
             Slain by an ice beast (9 damage)
             ... on level 2 of the Dungeon.
             The game lasted 00:01:32 (759 turns).

Mgcat the Chopper (Halfling Chaos Knight)            Turns: 759, Time: 00:01:33

Health: -2/26      AC:  6    Str: 14    XL:     3   Next: 62%
Magic:  3/3        EV: 13    Int: 10    God:    Xom [..*...]
Gold:   78         SH:  0    Dex: 13    Spells: 2/2 levels left

rFire    . . .     SeeInvis .   a - +0 hand axe (chaos)
rCold    . . .     Gourm    .   (shield restricted)
rNeg     . . .     Faith    .   b - +2 leather armour
rPois    .         Spirit   .   (no helmet)
rElec    .         Reflect  .   (no cloak)
rCorr    .         Harm     .   j - +0 pair of gloves
MR       .....                  (no boots)
Stlth    +.........             (no amulet)
HPRegen  0.08/turn              (no ring)
MPRegen  0.08/turn              (no ring)

@: no status effects
A: small, mutation resistance 1
a: Renounce Religion


You were on level 2 of the Dungeon.
You worshipped Xom.
You were a toy of Xom.
You were not hungry.

You visited 1 branch of the dungeon, and saw 2 of its levels.

You collected 78 gold pieces.

Inventory:

Hand Weapons
 a - a +0 hand axe of chaos (weapon)
Armour
 b - a +2 leather armour (worn)
 j - a +0 pair of gloves (worn)
   (You found it on level 1 of the Dungeon)
Scrolls
 d - 4 scrolls of identify {unknown}
 e - 3 scrolls of noise {unknown}
 h - a scroll of fear {unknown}
 i - a scroll of enchant armour {unknown}
 m - a scroll of remove curse {unknown}
 n - a scroll of teleportation {unknown}
Potions
 g - a potion of flight {unknown}
 k - a potion of curing {unknown}
 l - a potion of heal wounds {unknown}
Comestibles
 c - 3 rations
 f - 12 chunks of flesh {@w0}


   Skills:
 + Level 3.3 Fighting
 + Level 3.7 Axes
 - Level 2.1 Armour
 - Level 1.1 Dodging


You had 2 spell levels left.
You didn't know any spells.

Dungeon Overview and Level Annotations

Branches:
Dungeon (2/15)

Altars:


Innate Abilities, Weirdness & Mutations

You are small and have problems with some larger weapons.
You are somewhat resistant to further mutation.


Message History

The quokka bites you but does no damage.
You barely miss the quokka.
The quokka is heavily wounded.
The quokka bites you.
You hit the quokka. You burn the quokka.
You kill the quokka!
The bat misses you. The bat barely misses you.
You closely miss the bat. The bat misses you.
You hit the goblin but do no damage.
Space bends around the goblin.
The goblin is moderately wounded.
The goblin hits you but does no damage.
You hit the goblin. You freeze the goblin.
You kill the goblin!
The bat hits you but does no damage. The bat misses you. x2
You see here a dagger.
You closely miss the bat. The bat closely misses you.
The bat hits you but does no damage.
Found an escape hatch in the ceiling.
The bat hits you. The bat hits you but does no damage.
You hit the bat.
The bat is poisoned.
The bat is severely wounded.
The bat hits you but does no damage. x2
You hit the bat but do no damage.
The bat is severely wounded.
The bat barely misses you.
You hit the bat.
You kill the bat!
No target in view!
No target in view!
No target in view!
No target in view!
You butcher the bat corpse.
f - 12 chunks of flesh {@w0} (gained 1)
A rat comes into view.
A rat comes into view.
The rat bites you but does no damage.
You hit the rat.
You kill the rat!
The rat bites you but does no damage.
You closely miss the rat. The rat closely misses you.
You hit the rat. You burn the rat.
You kill the rat!
No target in view!
No target in view!
A goblin comes into view. It is wielding a club.
The goblin shouts!
There is an escape hatch in the ceiling here.
A mysterious force pulls you upwards. The hatch slams shut behind you.
You see here a robe.
You see here 15 arrows.
There is an escape hatch in the floor, spattered with blood here.
Things that are here:
2 stones; a whip; a kobold skeleton You slide downwards.
The hatch slams shut behind you.
c - 3 rations (gained 1)
n - a scroll labeled PUOGOWERISH A ball python comes into view.
The ball python hisses angrily.
You hit the ball python but do no damage.
The ball python blinks!
The ball python closely misses you. x2
You completely miss the ball python. The ball python closely misses you.
The ball python grabs you. The ball python constricts you.
You hit the ball python.
You feel off-balance for a moment.
You kill the ball python!
No target in view!
No target in view!
An ice beast comes into view.
Found a stone staircase leading up.
The ice beast barely misses you.
You hit the ice beast.
The ice beast seems to speed up.
Xom thinks this is hilarious!
The ice beast is lightly wounded.
The ice beast barely misses you.
You hit the ice beast.
The ice beast is moderately wounded.
The ice beast closely misses you.
The ice beast hits you but does no damage.
You barely miss the ice beast.
The ice beast is moderately wounded.
Xom plays with reality for a moment.
The ice beast hits you but does no damage.
The ice beast closely misses you.
You hit the ice beast but do no damage.
The ice beast is moderately wounded.
The ice beast hits you but does no damage. x2
You hit the ice beast.
The ice beast is moderately wounded.
The ice beast hits you. The ice beast freezes you!
Ouch! That really hurt!
You are too injured to fight recklessly!
You are too injured to fight recklessly!
You are too injured to fight recklessly!
The ice beast hits you.
* * * LOW HITPOINT WARNING * * *
The ice beast freezes you!
You die...
Xom is highly amused!

#.. ##########..
#.....#b....
#.....#.##.## #
#.....#Y##.. .#
#...b.@.##.##.##.#
....$...b##.......#
.#<#.#.........# ..
#..###.#### #. #..#
#.# #
#..###.############
....................
########.#####.#####
#.#####.#####


You could see an ice beast.

Vanquished Creatures
  A giant cockroach (D:1)
  7 goblins
  4 hobgoblins
  6 jackals (D:1)
  A quokka (D:2)
  A ball python (D:2)
  A bat (D:2)
  2 frilled lizards (D:1)
  4 kobolds (D:1)
  6 rats
33 creatures vanquished.

Notes
Turn   | Place    | Note
-------+----------+-------------------------------------------
     0 | D:1      | Mgcat the Halfling Chaos Knight began the quest for the Orb.
     0 | D:1      | Reached XP level 1. HP: 15/15 MP: 1/1
    60 | D:1      | XOM: harmless Conj miscast
    69 | D:1      | Reached XP level 2. HP: 19/20 MP: 2/2
    70 | D:1      | Reached skill level 3 in Fighting
   143 | D:1      | XOM: harmless Tmut miscast
   335 | D:1      | Reached XP level 3. HP: 26/26 MP: 3/3
   596 | D:2      | XOM: cast spell 'Olgreb's Toxic Radiance'
   751 | D:2      | Noticed an ice beast
   756 | D:2      | XOM: cast spell 'Summon Butterflies'
   759 | D:2      | Slain by an ice beast

Vault maps used:
D:1:      matt_arrival_refuge
D:2:      first_ration, minmay_misc_feat_encased

Skill      XL: |  1  2 |
---------------+-------+-----
Fighting       | 3 |  3.3
Axes           | |  3.7
Armour         | |  2.1
Dodging        | |  1.1

Action                   || total
-------------------------++-------
Melee: Hand axe          ||    91
Armor: Leather armour    ||    29
Dodge: Dodged            ||    67

Table legend:
 A = Spawn XP
 B = Non-spawn XP
 C = Spawn XP percentage of total XP
 D = Spawn monster count
 E = Non-spawn monster count
 F = Spawn count percentage of total count
 G = Total turns spent on level
                    A         B        C        D         E        F      G
               +---------+---------+-------+---------+---------+-------+---------
         Total |       0 |      54 |   0.0 |       0 |      33 |   0.0 |   759
               +---------+---------+-------+---------+---------+-------+---------
           D:1 |       0 |      37 |   0.0 |       0 |      22 |   0.0 |   557
           D:2 |       0 |      17 |   0.0 |       0 |      11 |   0.0 |   202
               +---------+---------+-------+---------+---------+-------+---------

Vault maps used:
D:1:      matt_arrival_refuge
D:2:      first_ration, minmay_misc_feat_encased

Table legend:
 A = Turns spent in this place as a percentage of turns spent in the entire game.
 B = Non-inter-level travel turns spent in this place as a percentage of non-inter-level travel turns spent in the entire game.
 C = Inter-level travel turns spent in this place as a percentage of turns spent in this place.
 D = Turns resting spent in this place as a percentage of non-inter-level travel turns spent in this place.
 E = Turns spent auto-exploring this place as a percentage of non-inter-level travel turns spent in this place.
 F = Non-inter-level travel turns spent in this place divided by the number of levels of this place that you've seen.
                   A       B       C       D       E      F
               +-------+-------+-------+-------+-------+----------------------
         Total | 100.0 | 100.0 |   4.0 |   0.0 |  72.8 | 364.5
       Dungeon | 100.0 | 100.0 |   4.0 |   0.0 |  72.8 | 364.5
               +-------+-------+-------+-------+-------+----------------------

Table legend:
 A = Kills in this place as a percentage of kills in entire the game.
 B = Kills by you in this place as a percentage of kills by you in the entire game.
 C = Kills by friends in this place as a percentage of kills by friends in the entire game.
 D = Other kills in this place as a percentage of other kills in the entire game.
 E = Experience gained in this place as a percentage of experience gained in the entire game.
 F = Experience gained in this place divided by the number of levels of this place that you have seen.
                   A       B       C       D       E      F
               +-------+-------+-------+-------+-------+----------------------
         Total | 100.0 | 100.0 |   N/A |   N/A | 100.0 |  27.0
       Dungeon | 100.0 | 100.0 |   N/A |   N/A | 100.0 |  27.0
               +-------+-------+-------+-------+-------+----------------------
